PUBA
ABERDEEN COBAINS @ MANITOU LAKERS
06/24/1972
 
TOP OF THE 1ST
Aberdeen Cobains batting - Pitching for Manitou Lakers : RHP Clarence Dorkin
Pitching: RHP Clarence Dorkin
Batting: SHB Bastien Tortorella 0-0: Ball
1-0: Fly out, F9 (Flyball, 9, EV 85.0 MPH)
Batting: SHB Alejandro Castillo 0-0: Ball
1-0: Ground out 6-3 (Groundball, 6, EV 91.3 MPH)
Batting: LHB Donald Martin 0-0: Called Strike
0-1: Ball
1-1: Ground out 4-3 (Groundball, 4, EV 86.9 MPH)
Top of the 1st over - 0 runs, 0 hits, 0 errors, 0 left on base; Aberdeen 0 - Manitou 0
BOTTOM OF THE 1ST
Manitou Lakers batting - Pitching for Aberdeen Cobains : RHP Lawrence Hastings
Pitching: RHP Lawrence Hastings
Batting: SHB Floyd Wilson 0-0: Foul Ball, location: 7LDF
0-1: Ball
1-1: Foul Ball, location: 3F
1-2: Ball
2-2: Ball
3-2: Fly out, F8 (Flyball, 8RXD, EV 88.8 MPH)
Batting: RHB Dwight Evans 0-0: Swinging Strike
0-1: Ball
1-1: Ball
2-1: Called Strike
2-2: Foul Ball, location: 9LSF
2-2: Ball
3-2: Base on Balls
Batting: RHB Jim Mason 0-0: Ball
Dwight Evans is caught stealing 2nd base 2-4
1-0: Ball
2-0: Foul Ball, location: 9LMF
2-1: SINGLE (Flyball, 4MD, EV 91.3 MPH)
Batting: LHB Charlie Ervin 0-0: Called Strike
0-1: Ball
1-1: Ball
2-1: Foul Ball, location: 7LSF
2-2: Foul Ball, location: 7LSF
2-2: Foul Ball, location: 2F
2-2: Ball
3-2: Base on Balls
Jim Mason to second
Batting: RHB Nick Townsend 0-0: Swinging Strike
0-1: Swinging Strike
0-2: Strikes out swinging
Bottom of the 1st over - 0 runs, 1 hit, 0 errors, 2 left on base; Aberdeen 0 - Manitou 0
TOP OF THE 2ND
Aberdeen Cobains batting - Pitching for Manitou Lakers : RHP Clarence Dorkin
Batting: LHB Marv French 0-0: Ball
1-0: Ball
2-0: Ball
3-0: Base on Balls
Batting: LHB Kenny Cunningham 0-0: Ball
1-0: Ball
2-0: Foul Ball, location: 2F
2-1: Foul Ball, location: 7LSF
2-2: Foul Ball, location: 7LDF
2-2: Foul Ball, location: 2F
2-2: Foul Ball, location: 7LSF
2-2: Ball
3-2: Foul Ball, location: 7LDF
3-2: Foul Ball, location: 2F
3-2: Base on Balls
Marv French to second
Batting: RHB Chuck Douglas 0-0: Ball
1-0: Called Strike
1-1: Ball
2-1: Foul Ball, location: 5DF
2-2: Ball
3-2: Strikes out looking
Batting: RHB Nick Emery 0-0: Swinging Strike
0-1: SINGLE (Line Drive, 56D, EV 98.8 MPH)
Marv French to third
Kenny Cunningham to second
Batting: LHB José Alba 0-0: Grounds into double play, 4-6-3 (Groundball, 4, EV 79.4 MPH)
Top of the 2nd over - 0 runs, 1 hit, 0 errors, 2 left on base; Aberdeen 0 - Manitou 0
BOTTOM OF THE 2ND
Manitou Lakers batting - Pitching for Aberdeen Cobains : RHP Lawrence Hastings
Batting: SHB Brian Copeland 0-0: Called Strike
0-1: Foul Ball, location: 7LDF
0-2: Ball
1-2: Foul Ball, location: 2F
1-2: Foul Ball, location: 7LMF
1-2: Ball
2-2: Foul Ball, location: 2F
2-2: Ball
3-2: Strikes out looking
Batting: SHB José Mota 0-0: Ball
1-0: Swinging Strike
1-1: Ball
2-1: Called Strike
2-2: Hit by Pitch
Batting: RHB Stu Riley 0-0: Ball
1-0: Called Strike
1-1: Ball
2-1: Fly out, F8 (Line Drive, 8RD, EV 90.0 MPH)
Batting: RHB Pedro Ordóñez 0-0: Foul Ball, location: 9LSF
0-1: Swinging Strike
0-2: Ball
1-2: Ball
2-2: Strikes out swinging
Bottom of the 2nd over - 0 runs, 0 hits, 0 errors, 1 left on base; Aberdeen 0 - Manitou 0
TOP OF THE 3RD
Aberdeen Cobains batting - Pitching for Manitou Lakers : RHP Clarence Dorkin
Batting: RHB Dave Baker 0-0: Fly out, F7 (Flyball, 8LS, EV 87.5 MPH)
Batting: SHB Bastien Tortorella 0-0: Swinging Strike
0-1: Ground out 4-3 (Groundball, 4, EV 80.0 MPH)
Batting: SHB Alejandro Castillo 0-0: Called Strike
0-1: SINGLE (Groundball, 6MD, EV 100.6 MPH)
Batting: LHB Donald Martin 0-0: Ball
1-0: Ball
2-0: Called Strike
2-1: Fly out, F4 (Flyball, 4D, EV 93.1 MPH)
Top of the 3rd over - 0 runs, 1 hit, 0 errors, 1 left on base; Aberdeen 0 - Manitou 0
BOTTOM OF THE 3RD
Manitou Lakers batting - Pitching for Aberdeen Cobains : RHP Lawrence Hastings
Batting: SHB Floyd Wilson 0-0: Swinging Strike
0-1: Foul Ball, location: 7LDF
0-2: Ball
1-2: Foul Ball, location: 3F
1-2: Ball
2-2: Foul Ball, location: 3FF
2-2: Foul Ball, location: 2F
2-2: Foul Ball, location: 23FF
2-2: Foul Ball, location: 5SF
2-2: Fly out, F6 (Line Drive, 6, EV 62.5 MPH)
Batting: RHB Dwight Evans 0-0: Ball
1-0: Ball
2-0: Swinging Strike
2-1: Foul Ball, location: 7LDF
2-2: Ball
3-2: Strikes out swinging
Batting: RHB Jim Mason 0-0: Fly out, F9 (Flyball, 9D, EV 102.5 MPH)
Bottom of the 3rd over - 0 runs, 0 hits, 0 errors, 0 left on base; Aberdeen 0 - Manitou 0
TOP OF THE 4TH
Aberdeen Cobains batting - Pitching for Manitou Lakers : RHP Clarence Dorkin
Batting: LHB Marv French 0-0: Ball
1-0: Fly out, F7 (Flyball, 7, EV 88.8 MPH)
Batting: LHB Kenny Cunningham 0-0: Ball
1-0: Called Strike
1-1: Ball
2-1: Ball
3-1: Ground out U3 (Groundball, 3L, EV 93.1 MPH)
Batting: RHB Chuck Douglas 0-0: Ball
1-0: SINGLE (Groundball, 6MD, EV 102.5 MPH)
Batting: RHB Nick Emery 0-0: Ball
1-0: Ball
2-0: Ball
3-0: Base on Balls
Chuck Douglas to second
Batting: LHB José Alba 0-0: Ball
1-0: Ball
2-0: SINGLE (Groundball, 34D, EV 110.6 MPH)
Chuck Douglas to third
Nick Emery to second
Throwing error, E9
Chuck Douglas scores
Nick Emery to third
José Alba to second
Batting: RHB Dave Baker 0-0: Ball
1-0: Ball
2-0: Ball
3-0: Called Strike
3-1: Base on Balls
Batting: SHB Bastien Tortorella 0-0: Foul Ball, location: 5F
0-1: Foul Ball, location: 5F
0-2: Fly out, F9 (Flyball, 9S, EV 95.6 MPH)
Top of the 4th over - 1 run, 2 hits, 1 error, 3 left on base; Aberdeen 1 - Manitou 0
BOTTOM OF THE 4TH
Manitou Lakers batting - Pitching for Aberdeen Cobains : RHP Lawrence Hastings
Batting: LHB Charlie Ervin 0-0: Ball
1-0: Called Strike
1-1: Called Strike
1-2: Foul Ball, location: 3SF
1-2: Ball
2-2: Ball
3-2: Strikes out looking
Batting: RHB Nick Townsend 0-0: Called Strike
0-1: Ball
1-1: Foul Ball, location: 5SF
1-2: Foul Ball, location: 2F
1-2: Strikes out swinging
Batting: SHB Brian Copeland 0-0: Ball
1-0: Swinging Strike
1-1: Foul Ball, location: 2F
1-2: Ball
2-2: Ground out 6-3 (Groundball, 6M, EV 106.9 MPH)
Bottom of the 4th over - 0 runs, 0 hits, 0 errors, 0 left on base; Aberdeen 1 - Manitou 0
TOP OF THE 5TH
Aberdeen Cobains batting - Pitching for Manitou Lakers : RHP Clarence Dorkin
Batting: SHB Alejandro Castillo 0-0: Ball
1-0: Fly out, F8 (Line Drive, 89D, EV 85.0 MPH)
Batting: LHB Donald Martin 0-0: Foul Ball, location: 3SF
0-1: Foul Ball, location: 2F
0-2: Foul Ball, location: 2F
0-2: Foul Ball, location: 7LMF
0-2: SINGLE (Groundball, 4M, EV 108.8 MPH) (infield hit)
Batting: LHB Marv French 0-0: Ball
Donald Martin is caught stealing 2nd base 2-6
1-0: Foul Ball, location: 7LDF
1-1: Called Strike
1-2: Foul Ball, location: 25FF
1-2: Ball
2-2: Foul Ball, location: 5SF
2-2: Foul Ball, location: 3F
2-2: Ball
3-2: SOLO HOME RUN (Flyball, 7D, EV 96.3 MPH), Distance : 367 ft
Batting: LHB Kenny Cunningham 0-0: Ball
1-0: Ball
2-0: DOUBLE (Line Drive, 7LD, EV 106.9 MPH)
Batting: RHB Chuck Douglas 0-0: Ball
1-0: Called Strike
1-1: Ball
2-1: SINGLE (Groundball, 56D, EV 100.6 MPH)
Kenny Cunningham to third
Runner from 3rd tries for Home, SAFE, throw by LF to home
Batting: RHB Nick Emery 0-0: Ball
1-0: Called Strike
1-1: SINGLE (Line Drive, 9LS, EV 110.0 MPH)
Chuck Douglas to second
Batting: LHB José Alba 0-0: Ball
1-0: Fly out, F9 (Line Drive, 89M, EV 91.9 MPH)
Top of the 5th over - 2 runs, 5 hits, 0 errors, 2 left on base; Aberdeen 3 - Manitou 0
BOTTOM OF THE 5TH
Manitou Lakers batting - Pitching for Aberdeen Cobains : RHP Lawrence Hastings
Batting: SHB José Mota 0-0: Swinging Strike
0-1: Called Strike
0-2: Strikes out looking
Batting: RHB Stu Riley 0-0: Foul Ball, location: 3F
0-1: Ball
1-1: Swinging Strike
1-2: Strikes out swinging
Batting: RHB Pedro Ordóñez 0-0: Ball
1-0: Ball
2-0: Called Strike
2-1: Foul Ball, location: 7LDF
2-2: SINGLE (Groundball, 3D, EV 98.8 MPH)
Batting: SHB Floyd Wilson 0-0: Ball
1-0: Ball
2-0: Ball
3-0: Base on Balls
Pedro Ordóñez to second
Batting: RHB Dwight Evans 0-0: Foul Ball, location: 3F
0-1: Called Strike
0-2: Ball
1-2: Foul Ball, location: 23FF
1-2: Strikes out swinging
Bottom of the 5th over - 0 runs, 1 hit, 0 errors, 2 left on base; Aberdeen 3 - Manitou 0
TOP OF THE 6TH
Aberdeen Cobains batting - Pitching for Manitou Lakers : RHP Clarence Dorkin
Batting: RHB Dave Baker 0-0: Ball
1-0: Fly out, F7 (Flyball, 78D, EV 99.4 MPH)
Batting: SHB Bastien Tortorella 0-0: Ball
1-0: Ball
2-0: Called Strike
2-1: Called Strike
2-2: Ball
3-2: Base on Balls
Batting: SHB Alejandro Castillo 0-0: Called Strike
Bastien Tortorella steals 2nd base
0-1: Foul Ball, location: 9LSF
0-2: Ball
1-2: Ground out 4-3 (Groundball, 4S, EV 85.0 MPH)
Bastien Tortorella to third
Batting: LHB Donald Martin 0-0: Intentional Walk
Pitching: RHP Bob Mitchell
Batting: LHB Marv French 0-0: Called Strike
0-1: Ball
1-1: Ball
2-1: Ball
3-1: Base on Balls
Donald Martin to second
Batting: LHB Kenny Cunningham 0-0: Swinging Strike
Passed Ball!
Bastien Tortorella scores
Donald Martin to third
Marv French to second
0-1: 3-RUN HOME RUN (Flyball, 89XD, EV 108.8 MPH), Distance : 416 ft
Batting: RHB Chuck Douglas 0-0: Fly out, F6 (Popup, 56D, EV 50.6 MPH)
Top of the 6th over - 4 runs, 1 hit, 0 errors, 0 left on base; Aberdeen 7 - Manitou 0
BOTTOM OF THE 6TH
Manitou Lakers batting - Pitching for Aberdeen Cobains : RHP Lawrence Hastings
Batting: RHB Jim Mason 0-0: Ball
1-0: Ball
2-0: Ground out 4-3 (Groundball, 4, EV 102.5 MPH)
Batting: LHB Charlie Ervin 0-0: Foul Ball, location: 7LDF
0-1: Swinging Strike
0-2: Ball
1-2: Strikes out swinging
Batting: RHB Nick Townsend 0-0: Ball
1-0: Ball
2-0: Ball
3-0: Called Strike
3-1: SINGLE (Groundball, 34D, EV 105.6 MPH)
Batting: SHB Brian Copeland 0-0: Ball
1-0: Ball
2-0: Swinging Strike
2-1: Fly out, F8 (Flyball, 8RM, EV 88.1 MPH)
Bottom of the 6th over - 0 runs, 1 hit, 0 errors, 1 left on base; Aberdeen 7 - Manitou 0
TOP OF THE 7TH
Aberdeen Cobains batting - Pitching for Manitou Lakers : RHP Bob Mitchell
Batting: RHB Nick Emery 0-0: Ball
1-0: Ball
2-0: Ball
3-0: Called Strike
3-1: Ground out 4-3 (Groundball, 4, EV 77.5 MPH)
Batting: LHB José Alba 0-0: SINGLE (Groundball, 34S, EV 71.3 MPH) (infield hit)
Pinch Hitting: RHB Jake Ríos 0-0: Ball
1-0: Fly out, F8 (Flyball, 8LM, EV 82.5 MPH)
Pinch Hitting: RHB Reese Lewis 0-0: Ball
1-0: Ball
2-0: Foul Ball, location: 2F
2-1: Swinging Strike
2-2: Strikes out swinging
Top of the 7th over - 0 runs, 1 hit, 0 errors, 1 left on base; Aberdeen 7 - Manitou 0
BOTTOM OF THE 7TH
Manitou Lakers batting - Pitching for Aberdeen Cobains : RHP Lawrence Hastings
Now at 1B: Tim Byrd
Now at 3B: Jake Ríos
Batting: SHB José Mota 0-0: Ball
1-0: Ball
2-0: Fly out, F7 (Flyball, 78D, EV 87.5 MPH)
Batting: RHB Stu Riley 0-0: Ball
1-0: Ground out 4-3 (Groundball, 4, EV 91.3 MPH)
Batting: RHB Pedro Ordóñez 0-0: Ball
1-0: Foul Ball, location: 2F
1-1: Foul Ball, location: 2F
1-2: Foul Ball, location: 25F
1-2: Strikes out swinging
Bottom of the 7th over - 0 runs, 0 hits, 0 errors, 0 left on base; Aberdeen 7 - Manitou 0
TOP OF THE 8TH
Aberdeen Cobains batting - Pitching for Manitou Lakers : RHP Bob Mitchell
Batting: SHB Alejandro Castillo 0-0: Foul Ball, location: 23F
0-1: Ball
1-1: Called Strike
1-2: Foul Ball, location: 7LSF
1-2: Ball
2-2: Foul Ball, location: 7LMF
2-2: Foul Ball, location: 2F
2-2: Ball
3-2: Foul Ball, location: 2F
3-2: Base on Balls
Pitching: RHP Kenny Shoemaker
Batting: LHB Donald Martin 0-0: Ball
1-0: Foul Ball, location: 2F
1-1: Foul Ball, location: 7LMF
1-2: Ball
2-2: SINGLE (Groundball, 6MD, EV 108.8 MPH)
Alejandro Castillo to second
Batting: LHB Marv French 0-0: Foul Ball, location: 23F
0-1: Fly out, F8 (Flyball, 8RM, EV 88.1 MPH)
Batting: LHB Kenny Cunningham 0-0: Ball
1-0: Called Strike
1-1: Foul Ball, location: 9LSF
1-2: Ball
2-2: Foul Ball, location: 25FF
2-2: DOUBLE (Line Drive, 8LXD, EV 107.5 MPH)
Alejandro Castillo scores
Donald Martin to third
Runner from 3rd tries for Home, SAFE, no throw by CF
Batting: RHB Chuck Douglas 0-0: Foul Ball, location: 25F
0-1: Ball
1-1: Ball
2-1: Foul Ball, location: 5DF
2-2: Foul Ball, location: 2F
2-2: Strikes out looking
Batting: RHB Nick Emery 0-0: Foul Ball, location: 2F
0-1: Ball
1-1: Called Strike
1-2: Ball
2-2: Foul Ball, location: 9LDF
2-2: Ball
3-2: Ground out 5-3 (Groundball, 56, EV 110.6 MPH)
Top of the 8th over - 2 runs, 2 hits, 0 errors, 1 left on base; Aberdeen 9 - Manitou 0
BOTTOM OF THE 8TH
Manitou Lakers batting - Pitching for Aberdeen Cobains : RHP Lawrence Hastings
Pitching: RHP Ron Cox
Batting: SHB Floyd Wilson 0-0: Ball
1-0: Foul Ball, location: 2F
1-1: Ball
2-1: Foul Ball, location: 7LSF
2-2: Foul Ball, location: 3F
2-2: SINGLE (Line Drive, 9S, EV 95.6 MPH)
Batting: RHB Dwight Evans 0-0: Fly out, F8 (Flyball, 78D, EV 97.5 MPH)
Pinch Hitting: LHB Vern Stone 0-0: Swinging Strike
0-1: Foul Ball, location: 2F
0-2: Ball
1-2: Ball
2-2: Grounds into double play, 6-4-3 (Groundball, 56D, EV 97.5 MPH)
Bottom of the 8th over - 0 runs, 1 hit, 0 errors, 0 left on base; Aberdeen 9 - Manitou 0
TOP OF THE 9TH
Aberdeen Cobains batting - Pitching for Manitou Lakers : RHP Kenny Shoemaker
Now at 1B: Fernando Guillén
Batting: LHB José Alba 0-0: Ball
1-0: Foul Ball, location: 5FF
1-1: Called Strike
1-2: Ball
2-2: Ground out 5-3 (Groundball, 56, EV 105.6 MPH)
Batting: RHB Jake Ríos 0-0: SINGLE (Groundball, 4MD, EV 96.9 MPH)
Batting: LHB Tim Byrd 0-0: Foul Ball, location: 5FF
0-1: Ball
1-1: Grounds into double play, 4-6-3 (Groundball, 4, EV 88.8 MPH)
Top of the 9th over - 0 runs, 1 hit, 0 errors, 0 left on base; Aberdeen 9 - Manitou 0
BOTTOM OF THE 9TH
Manitou Lakers batting - Pitching for Aberdeen Cobains : RHP Ron Cox
Batting: LHB Charlie Ervin 0-0: Called Strike
0-1: Called Strike
0-2: Ball
1-2: Foul Ball, location: 3F
1-2: Ball
2-2: Foul Ball, location: 3F
2-2: Foul Ball, location: 3F
2-2: Ball
3-2: Fly out, F8 (Flyball, 8RD, EV 98.8 MPH)
Batting: RHB Nick Townsend 0-0: Ball
1-0: Called Strike
1-1: Ball
2-1: Swinging Strike
2-2: Foul Ball, location: 25FF
2-2: Strikes out looking
Batting: SHB Brian Copeland 0-0: Ball
1-0: Swinging Strike
1-1: Foul Ball, location: 25FF
1-2: Strikes out looking
Bottom of the 9th over - 0 runs, 0 hits, 0 errors, 0 left on base; Aberdeen 9 - Manitou 0
Monday, April 1st , 2024 - OOTP Baseball 24.8 Build 75